 Dungeon Crawl Stone Soup version 0.30.1-3-gfc49f6343a (webtiles) character file.

Game seed: 10081805110607036229

44 croobank the Sneak (level 3, -3/26 HPs)
             Began as an Octopode Delver on July 18, 2023.
             Slain by a white imp (5 damage)
             ... on level 6 of the Dungeon.
             The game lasted 00:01:33 (247 turns).

croobank the Sneak (Octopode Delver)                 Turns: 247, Time: 00:01:34

Health: -3/26      AC:  1    Str: 11    XL:     3   Next: 62%
Magic:  3/3        EV: 13    Int: 14    God:
Gold:   18         SH:  0    Dex: 13    Spells: 2/2 levels left

rFire   . . .        h - +0 rapier (venom)
rCold   . . .        (no shield)
rNeg    . . .        (helmet restricted)
rPois   .            (no amulet)
rElec   .            (no ring)
rCorr   .            (no ring)
SInv    .            (no ring)
Will    .....        (no ring)
Stlth   ++++         (no ring)
HPRegen 0.24/turn    (no ring)
MPRegen 0.08/turn    (no ring)
                     (no ring)

%: no passive effects
@: mighty, hasted, very quick
A: almost no armour, amphibious, 8 rings, camouflage 1, gelatinous body 1,
(nimble swimmer 1), tentacles
a: no special abilities


You were on level 6 of the Dungeon.
You visited 1 branch of the dungeon, and saw 2 of its levels.

You collected 18 gold pieces.

Inventory:

Hand Weapons
 a - a +0 short sword
 h - a +0 rapier of venom (weapon)
Wands
 f - a wand of digging (3)
Scrolls
 b - a scroll of fog
 c - a scroll of magic mapping
 d - a scroll of fear
 i - a scroll of identify {unknown}


   Skills:
 + Level 3.4 Fighting
 + Level 2.5 Short Blades
 + Level 2.5 Dodging
 + Level 7.0 Stealth


You had 2 spell levels left.
You didn't know any spells.
Your spell library contained the following spells:

 Spells                   Type           Power      Damage    Failure   Level
 Apportation              Tloc           0%         N/A       28%         1
 Necrotise                Necr           0%         1d4       28%         1
 Sting                    Tmut/Pois      0%         1d3       28%         1


Dungeon Overview and Level Annotations

Branches:
Dungeon (6/15)
 Temple: D:4-7

Altars:


Innate Abilities, Weirdness & Mutations

You cannot wear most types of armour.
You are amphibious.
You can wear up to eight rings at the same time.
Your skin changes colour to match your surroundings (Stealth+).
Your rubbery body absorbs attacks. (AC +1, EV +1)
((You are camouflaged when in or above water. (Stealth+)))
You have tentacles for arms and can constrict up to eight enemies at once.


Message History

The phantom hits you but does no damage.
The orc barely misses you.
You see here 6 stones.
An orc comes into view. It is wielding a +0 whip.
An orc wizard and a white imp come into view.
Found a stone staircase leading down.
The white imp shouts!
Found an escape hatch in the ceiling.
The orc shouts!
An orc comes into view. It is wielding a +0 short sword.
The orc shouts!
The orc hits you with a +0 whip.
* * * LOW HITPOINT WARNING * * *
You hit the orc but do no damage.
The orc is poisoned.
You grab the orc. You constrict the orc. The orc hits you with a +0 whip.
* * * LOW HITPOINT WARNING * * *
It was a potion of might.
You feel very mighty all of a sudden.
You constrict the orc, but do no damage.
You puncture the orc!
You kill the orc!
You puncture the orc!
You kill the orc!
Items here: )) [[ †.
You puncture the orc wizard!
The orc wizard is poisoned.
You grab the orc wizard.
The orc wizard is heavily wounded.
You constrict the orc wizard. The orc wizard misses you.
You hit the orc wizard.
You kill the orc wizard!
Your Stealth skill increases to level 7!
You have reached level 3!
Your experience leads to an increase in your attributes!
Increase (S)trength, (I)ntelligence, or (D)exterity?
You feel clever. x2
The white imp shouts, "Remove thy stench, thou skyhacking knotty-pated lout!"
The white imp hits you.
* * * LOW HITPOINT WARNING * * *
The white imp freezes you.
You die...

#.. .. ..###. .# #. .#
#..##.## ..##.# .#
#.§#...###..#.# #.####.
#.$#.....##....###...#..#
...#...................##
........................#
(.......o....?.5........#
...##...####.o<#@........
..###...# 5.###)......#
..l##(.#####.## #......##
..........#..# #......##
........ooW.# ##W......#
............## #.#.......
.....##......###.#.......
##...##..........#......#
##..##........o.......##


You could see a phantom and a white imp.

Vanquished Creatures
  An orc wizard (D:6)
  An adder (D:5)
  A white imp (D:6)
  2 orcs (D:6)
5 creatures vanquished.

Notes
Turn   | Place    | Note
-------+----------+-------------------------------------------
     0 | D:5      | croobank the Octopode Delver began the quest for the Orb.
     0 | D:5      | Reached XP level 1. HP: 16/16 MP: 1/1
    10 | D:5      | Reached XP level 2. HP: 21/21 MP: 2/2
   203 | D:6      | Got An Induction into Willworking
   205 | D:6      | Noticed a phantom
   217 | D:6      | HP: 1/21 [phantom (3)]
   240 | D:6      | HP: 1/21 [orc/+0 whip (3)]
   247 | D:6      | Reached skill level 7 in Stealth
   247 | D:6      | Reached XP level 3. HP: 3/26 MP: 3/3
   247 | D:6      | Slain by a white imp

Illustrated notes

Levels and vault maps discovered:
D:5:      layout_basic, mainiacjoe_overflow_surrounded_room,
          nicolae_wu_jian_immortal_techniques, hex_intersection
D:6:      layout_layer_cave

Skill      XL: |  1  2 |
---------------+-------+-----
Stealth        | 7 |  7.0
Fighting       | |  3.4
Short Blades   | |  2.5
Dodging        | |  2.5

Action                     || total
---------------------------++-------
  Melee: Short sword       ||     5
         Rapier            ||    15
         Constrict         ||     3
         Tentacles         ||     3
    Use: Potion            ||     2
   Stab: Sleeping          ||     2
 Armour: Skin              ||     1
  Dodge: Dodged            ||     8
